 Dungeon Crawl Stone Soup version 0.30.0-29-ga12c61a403 (webtiles) character file.

Game seed: 11173939561364869360

2279 Ijustatesigmund the Stinger (level 9, -1/81 HPs)
             Began as an Octopode Venom Mage on June 14, 2023.
             Was a Believer of Cheibriados.
             Killed from afar by a gargoyle (15 damage)
             ... with a stone arrow
             ... in a bailey.
             The game lasted 00:22:12 (10086 turns).

Ijustatesigmund the Stinger (Octopode Venom Mage)  Turns: 10086, Time: 00:22:12

Health: -1/81      AC: 24    Str: 14    XL:     9   Next: 39%
Magic:  14/17      EV:  2    Int: 30    God:    Cheibriados [**....]
Gold:   373        SH:  0    Dex: 21    Spells: 3/18 levels left

rFire   + . .        c - +5 hand axe (freeze)
rCold   . . .        (no shield)
rNeg    . . .        (helmet currently unavailable)
rPois   +            (no amulet)
rElec   .            d - ring of protection from fire
rCorr   .            i - +6 ring of intelligence
SInv    +            j - +6 ring of strength
Will    .....        u - ring of see invisible
Stlth   +++          (no ring)
HPRegen 0.33/turn    (no ring)
MPRegen 0.15/turn    (no ring)
                     (no ring)

%: no passive effects
@: tree-form, very slow
A: stationary, stasis, torment immunity, boosted hp, almost no armour,
(amphibious), 8 rings, (camouflage 1), (gelatinous body 1), (nimble swimmer 1),
(tentacles), (large bone plates 1), agile 1, weak 1
a: Renounce Religion, Bend Time


You were in a bailey.
You worshipped Cheibriados.
Cheibriados was pleased with you.
You were a tree.
You visited 2 branches of the dungeon, and saw 8 of its levels.
You also visited: Bailey.

You collected 373 gold pieces.

Inventory:

Hand Weapons
 c - a +5 hand axe of freezing (weapon)
 s - a +2 hand axe of flaming
Armour
 r - a +0 buckler
Jewellery
 d - a ring of protection from fire (left branch)
 i - a +6 ring of intelligence (right branch)
 j - a +6 ring of strength (on tentacle)
 u - a ring of see invisible (on tentacle)
Wands
 k - a wand of polymorph (12)
Scrolls
 b - a scroll of amnesia
Potions
 a - a potion of magic
 g - 3 potions of lignification
 t - a potion of resistance
 z - a potion of flight
 A - a potion of mutation


   Skills:
 - Level 2.1 Fighting
 - Level 3.2 Axes
 - Level 2.0 Dodging
 - Level 2.6 Stealth
 - Level 5.3 Spellcasting
 - Level 4.9 Conjurations
 - Level 1.0 Transmutations
 + Level 2.7 Fire Magic
 - Level 4.9 Air Magic
 - Level 7.5 Poison Magic
 - Level 3.0 Invocations


You had 3 spell levels left.
You knew the following spells:

 Your Spells              Type           Power      Damage    Failure   Level
a - Sting                 Tmut/Pois      100%       1d8       1%          1
b - Poisonous Vapours     Pois/Air       90%        N/A       1%          2
c - Mephitic Cloud        Conj/Pois/Air  42%        N/A       1%          3
d - Olgreb's Toxic Radia  Pois           52%        N/A       2%          4
e - Fireball              Conj/Fire      15%        3d8       32%         5

Your spell library contained the following spells:

 Spells                   Type           Power      Damage    Failure   Level
 Magic Dart               Conj           100%       1d8       1%          1
 Static Discharge         Conj/Air       74%        2-6/arc   1%          2
 Call Imp                 Summ           16%        N/A       9%          2
 Airstrike                Air            18%        2d(3-19)  8%          4
 Summon Lightning Spire   Summ/Air       22%        N/A       21%         4
 Iskenderun's Battlesphe  Conj           37%        2d9       21%         5
 Freezing Cloud           Conj/Ice/Air   13%        6-21      38%         5
 Conjure Ball Lightning   Conj/Air       18%        3x3d6     75%         6
 Orb of Destruction       Conj           18%        9d8       99%         7


Dungeon Overview and Level Annotations

Branches:
Dungeon (7/15)             Temple (1/1) D:6          Bailey (1/1)

Altars:
Ashenzari
Cheibriados
Dithmenos
Elyvilon
Gozag
Hepliaklqana
Makhleb
Nemelex Xobeh
Okawaru
Qazlal
Sif Muna
Trog
Uskayaw
Vehumet
Wu Jian
Xom
The Shining One

Shops:
D:7 ?([:!


Innate Abilities, Weirdness & Mutations

You are a tree.
Your roots penetrate the ground, keeping you stationary.
You cannot be teleported.
You are immune to unholy pain and torment.
Your maximum health is greatly increased.
You cannot wear most types of armour.
((You are amphibious.))
You can wear up to eight rings at the same time.
((Your skin changes colour to match your surroundings (Stealth+).))
((Your rubbery body absorbs attacks. (AC +1, EV +1)))
((You are camouflaged when in or above water. (Stealth+)))
((You have tentacles for arms and can constrict up to eight enemies at once.))
((You are partially covered in large bone plates. (SH +4)))
You are agile. (Dex +4, Str/Int -1)
You are weak. (Str -2)


Message History

You constrict the gargoyle. The gargoyle hits you with a +0 flail!
You hit the gargoyle but do no damage.
You squeeze the gargoyle, but do no damage.
The gargoyle is lightly damaged.
You constrict the gargoyle, but do no damage.
You block the gargoyle's attack.
You hit the gargoyle but do no damage.
You squeeze the gargoyle, but do no damage.
The gargoyle is lightly damaged.
You constrict the gargoyle, but do no damage.
The gargoyle hits you with a +0 flail!
You hit the gargoyle but do no damage.
You tentacle-slap the gargoyle, but do no damage.
The gargoyle is lightly damaged.
You constrict the gargoyle, but do no damage.
The gargoyle misses you. The gargoyle hits you with a +0 flail!
* * * LOW HITPOINT WARNING * * *
You are too injured to fight recklessly!
You are too injured to fight recklessly!
Okay, then.
The flow of time bends around you.
Cheibriados rebukes the gargoyle.
The gargoyle seems to slow down.
You constrict the gargoyle, but do no damage.
You hit the gargoyle but do no damage. You squeeze the gargoyle!
The gargoyle is moderately damaged.
You constrict the gargoyle, but do no damage.
The gargoyle hits you with a +0 flail.
* * * LOW HITPOINT WARNING * * *
Really quaff the potion of lignification?
You turn into a tree.
Your roots penetrate the ground.
You lose your grip on the gargoyle.
The gargoyle hits you but does no damage.
You hit the gargoyle. You freeze the gargoyle.
The gargoyle is moderately damaged.
You barely miss the gargoyle.
The gargoyle is moderately damaged.
The gargoyle hurls a stone arrow at you.
The stone arrow hits you!
You die...

#[..#.....♣.....#
#####.....).....#
#...)....#...####
#.......####....+
#8.....##..##...+
########....#)..#
8...............#
......)..#......#
##++##.♣.##....8#
##9..#######
##..... #.......
########


You could see a gargoyle (slow).

Vanquished Creatures
  Sigmund (D:5)
  A fire bat (D:4)
  Menkaure (D:4)
  A water moccasin (D:6)
  A sky beast (D:7)
  An ice beast (D:6)
  An ogre (D:3)
  2 phantoms
  A kobold brigand (D:7)
  3 bullfrogs
  A scorpion (D:5)
  A gnoll sergeant (D:7)
  A howler monkey (D:6)
  6 wolf zombies (Bailey)
  3 hounds
  3 jellies (D:6)
  2 orc priests (D:7)
  Jessica (D:3)
  2 iguanas
  5 orc wizards
  7 gnolls (D:7)
  3 adders
  14 orc zombies (Bailey)
  A white imp (D:6)
  3 ufetubi
  3 dart slugs
  16 orcs
  2 bats
  5 endoplasms
  6 giant cockroaches
  9 goblins
  5 hobgoblins
  3 jackals (D:5)
  5 quokkas
  7 ball pythons
  3 frilled lizards
  7 kobolds
  3 rats (D:3)
140 creatures vanquished.

Notes
Turn   | Place    | Note
-------+----------+-------------------------------------------
     0 | D:1      | Ijustatesigmund the Octopode Venom Mage began the quest for
                  | the Orb.
     0 | D:1      | Reached XP level 1. HP: 11/11 MP: 3/3
    97 | D:1      | Reached XP level 2. HP: 11/18 MP: 5/5
   264 | D:1      | Reached skill level 1 in Fighting
   264 | D:1      | Reached skill level 4 in Poison Magic
   556 | D:1      | Reached XP level 3. HP: 23/23 MP: 3/6
  1176 | D:2      | Learned a level 2 spell: Poisonous Vapours
  1180 | D:2      | Learned a level 3 spell: Mephitic Cloud
  1959 | D:3      | Noticed an ogre
  1969 | D:3      | Killed an ogre
  1970 | D:3      | Reached skill level 1 in Conjurations
  1970 | D:3      | Reached skill level 1 in Air Magic
  1970 | D:3      | Reached XP level 4. HP: 19/28 MP: 2/8
  1970 | D:3      | Reached XP level 5. HP: 22/33 MP: 2/9
  2193 | D:3      | Found a shadowy altar of Dithmenos.
  2306 | D:3      | Noticed Jessica
  2314 | D:3      | Killed Jessica
  3174 | D:4      | Noticed a phantom
  3194 | D:4      | Killed a phantom
  3195 | D:4      | Reached skill level 5 in Poison Magic
  3195 | D:4      | Reached XP level 6. HP: 38/38 MP: 9/11
  3231 | D:4      | Gained mutation: Your spells are a little harder to cast,
                  | but a little more powerful. [potion of mutation]
  3231 | D:4      | Gained mutation: You have a pair of small antennae on your
                  | head. [potion of mutation]
  3231 | D:4      | Gained mutation: Your magical capacity is low. (-10% MP)
                  | [potion of mutation]
  3232 | D:4      | Lost mutation: Your spells are a little harder to cast, but
                  | a little more powerful. [potion of mutation]
  3232 | D:4      | Lost mutation: Your magical capacity is low. (-10% MP)
                  | [potion of mutation]
  3232 | D:4      | Lost mutation: You have a pair of small antennae on your
                  | head. [potion of mutation]
  3232 | D:4      | Gained mutation: You are partially covered in large bone
                  | plates. (SH +4) [potion of mutation]
  3232 | D:4      | Gained mutation: You are weak. (Str -2) [potion of
                  | mutation]
  3232 | D:4      | Gained mutation: You are agile. (Dex +4, Str/Int -1)
                  | [potion of mutation]
  3664 | D:4      | Noticed an ice beast
  3774 | D:5      | Entered Level 5 of the Dungeon
  4196 | D:5      | Reached XP level 7. HP: 43/43 MP: 12/12
  4273 | D:5      | Noticed Sigmund
  4284 | D:5      | Killed Sigmund
  4285 | D:5      | Reached skill level 6 in Poison Magic
  4290 | D:5      | Learned a level 4 spell: Olgreb's Toxic Radiance
  5161 | D:6      | Reached skill level 1 in Axes
  5161 | D:6      | Reached XP level 8. HP: 29/50 MP: 7/14
  5186 | D:6      | HP: 2/50 [something/puff of flame (9)]
  5487 | D:6      | Found a radiant altar of Vehumet.
  5491 | D:6      | Found a stormy altar of Qazlal.
  5727 | D:6      | Found a staircase to the Ecumenical Temple.
  5749 | Temple   | Entered the Ecumenical Temple
  5850 | Temple   | Became a worshipper of Cheibriados the Contemplative
  6726 | D:6      | Reached skill level 1 in Invocations
  6932 | D:6      | Found an opulent altar of Gozag.
  7242 | D:4      | Noticed Menkaure
  7247 | D:4      | Killed Menkaure
  7856 | D:4      | Reached skill level 7 in Poison Magic
  8100 | D:7      | Found Xacut's Armour Shop.
  8112 | D:7      | Reached skill level 5 in Spellcasting
  8187 | D:7      | Reached * piety under Cheibriados
  8188 | D:7      | Reached XP level 9. HP: 23/54 MP: 8/16
  8203 | D:7      | Found Guipsani's Distillery.
  8207 | D:7      | Found Urechoar's Weapon Boutique.
  8213 | D:7      | Found Muom's Book Emporium.
  8251 | D:7      | Found a flagged portal.
  8256 | D:7      | Found Okhlad's Magic Scroll Shop.
  8265 | Bailey   | Entered a bailey
  8889 | Bailey   | Learned a level 5 spell: Fireball
  9242 | Bailey   | Reached skill level 1 in Fire Magic
  9429 | Bailey   | Reached ** piety under Cheibriados
 10072 | Bailey   | Noticed a gargoyle
 10086 | Bailey   | Killed from afar by a gargoyle

Illustrated notes

Levels and vault maps discovered:
D:1:      evilmike_arrival_plus, layout_rooms, hangedman_feature_mirror,
          serial_bayou_ford_a
D:2:      layout_basic, dreamdust_princess_corridor,
          hangedman_abyss_or_decor_stabs
D:3:      layout_loops_ring, mainiacjoe_overflow_surrounded_room,
          kennysheep_jessica_study
D:4:      layout_gridville, uniq_menkaure
D:5:      layout_gridville, uniq_sigmund
D:6:      layout_layer_cave, mainiacjoe_overflow_cross_hatched,
          mainiacjoe_overflow_catwalk_spiral, minmay_temple_entry_mist,
          serial_glass, glass_columns_a, glass_columns_a, feat_on_display,
          item_on_display_b, due_unseen_surprise, st_stairs_14
D:7:      layout_basic, lightli_bailey_entry_fortress, serial_shops,
          nicolae_diamond_shop, shop_fountains, nicolae_shop_crystal,
          nicolae_lakefront_shop, shop, uniq_joseph
Temple:   dshaligram_water_room_temple
Bailey:   bailey_polearm_vampire_castle_hellmonk, bailey

Skill      XL: |  1  2  3  4  5  6  7  8  9 |
---------------+----------------------------+-----
Fighting       | 1 2 |  2.1
Poison Magic   | 4 5 6 7 |  7.5
Spellcasting   | 3 4 5 |  5.3
Conjurations   | 1 2 3 4 |  4.9
Air Magic      | 1 2 3 4 |  4.9
Axes           | 1 2 3 |  3.2
Invocations    | 2 3 |  3.0
Fire Magic     | 2 |  2.7
Dodging        | |  2.0
Stealth        | |  2.6
Transmutations | |  1.0

Action                     |  1- 3 |  4- 6 |  7- 9 || total
---------------------------+-------+-------+-------++-------
  Melee: Tentacles         |    12 |     4 |    47 ||    63
         Mace              |    23 |       |       ||    23
         Unarmed           |     5 |       |       ||     5
         Constrict         |     8 |     7 |    37 ||    52
         Dagger            |    17 |    54 |     7 ||    78
         Punch             |       |     1 |     4 ||     5
         Hand axe          |       |       |   151 ||   151
   Cast: Sting             |    17 |       |     1 ||    18
         Poisonous Vapours |     8 |    17 |    25 ||    50
         Mephitic Cloud    |     1 |     1 |     3 ||     5
         Olgreb's Toxic Ra |       |       |     7 ||     7
         Fireball          |       |       |     7 ||     7
 Invoke: Bend Time         |       |       |     1 ||     1
  Evoke: Wand              |       |       |     6 ||     6
    Use: Scroll            |       |     5 |    16 ||    21
         Potion            |       |     7 |    11 ||    18
   Stab: Sleeping          |     6 |     4 |     7 ||    17
 Armour: Skin              |     8 |     2 |    10 ||    20
  Dodge: Dodged            |    26 |    30 |   116 ||   172
  Block: Other             |       |     2 |    32 ||    34
